 Dungeon Crawl Stone Soup version 0.30.1-4-g462c640d31 (webtiles) character file.

Game seed: 1227016231647758642

143754 Peloso the Minotaur Blade (level 16, 0/125 HPs)
             Began as a Minotaur Fighter on Sept 16, 2023.
             Was the Champion of Okawaru.
             Slain by a tentacled starspawn (9 damage)
             ... on level 2 of the Abyss.
             The game lasted 01:19:45 (24632 turns).

Peloso the Minotaur Blade (Minotaur Fighter)       Turns: 24632, Time: 01:19:46

Health: 0/125      AC: 28    Str: 22 (23) XL:     16   Next: 83%
Magic:  16/16      EV:  5    Int:  5 (7)  God:    Okawaru [******]
Gold:   2966       SH: 12    Dex: 11 (12) Spells: 15/15 levels left

rFire   + + .        a - +9 long sword of Causality {heavy, rF+++ Will+ Dex-4 Stlth+}
rCold   + . .        d - +0 kite shield
rNeg    + . .        x - +6 plate armour of the Ego {+Blink Regen+ rCorr Int+2}
rPois   .            g - +0 hat of Limited Liability {rN+}
rElec   .            D - +1 cloak
rCorr   +            G - +2 pair of gloves
SInv    .            P - +1 pair of boots {Fly}
Will    ++...        k - amulet of regeneration Stlth
                     C - ring of protection from cold
HPRegen 0.00/turn    (no ring)
MPRegen 0.15/turn

%: no passive effects
@: flying, inhibited regen, constricted
A: horns 2, retaliatory headbutt, deformed body, heat vulnerability 1,
[deterioration 2], [frail 2], [screaming 2], [inhibited regeneration], [subdued
magic 1]
a: Renounce Religion, Evoke Blink, Heroism, Finesse, Duel


You were on level 2 of the Abyss.
You worshipped Okawaru.
Okawaru was exalted by your worship.
You visited 5 branches of the dungeon, and saw 24 of its levels.
You visited the Abyss 1 time.
You also visited: Ice Cave.

You collected 2966 gold pieces.

Inventory:

Hand Weapons
 a - the +9 long sword of Causality (weapon) {heavy, rF+++ Will+ Dex-4 Stlth+}
   (Okawaru gifted it to you on level 2 of the Orcish Mines)

   Dex:       It affects your dexterity (-4).
   rF:        It renders you almost immune to fire.
   Will:      It increases your willpower.
   Stlth:     It makes you more stealthy.
 b - the +6 short sword of Duty {flame, rCorr MP+9 Dex+6}
   (You found it on level 8 of the Dungeon)

   Dex:       It affects your dexterity (+6).
   MP:        It affects your magic capacity (+9).
   rCorr:     It protects you from acid and corrosion.
Armour
 c - a +0 chain mail
 d - a +0 kite shield (worn)
 g - the +0 hat of Limited Liability (worn) {rN+}
   (Okawaru gifted it to you on level 8 of the Dungeon)

   rN:        It protects you from negative energy.
 u - the +8 orange crystal plate armour {Archmagi, Int+3 Clar}
   (Okawaru gifted it to you on level 1 of the Lair of Beasts)

   Int:       It affects your intelligence (+3).
   Clar:      It protects you from confusion, rage, mesmerisation and fear.
 x - the +6 plate armour of the Ego (worn) {+Blink Regen+ rCorr Int+2}
   (You found it on level 1 of the Orcish Mines)

   Int:       It affects your intelligence (+2).
   +Blink:    It lets you blink.
   Regen:     It increases your rate of health regeneration.
   rCorr:     It protects you from acid and corrosion.
 D - a +1 cloak (worn)
 G - a +2 pair of gloves (worn)
 P - a +1 pair of boots of flying (worn)
Jewellery
 e - a ring of fire
 h - a ring of fire
 k - an amulet of regeneration (around neck)
 C - a ring of protection from cold (left hand)
 E - an amulet of reflection
Wands
 j - a wand of digging (5)
Scrolls
 q - a scroll of acquirement
 s - 4 scrolls of blinking
 B - 5 scrolls of teleportation
 K - 2 scrolls of fear
 M - 3 scrolls of poison
 N - 3 scrolls of magic mapping
 R - 10 scrolls of identify
Potions
 l - 8 potions of curing
 m - 2 potions of might
 r - 7 potions of heal wounds
 z - 4 potions of lignification
 A - a potion of berserk rage
 O - a potion of invisibility


   Skills:
 + Level 18.2 Fighting
 + Level 22.2 Long Blades
 + Level 1.2 Polearms
 + Level 18.1 Armour
 + Level 3.7 Dodging
 + Level 0.7 Stealth
 + Level 13.8 Shields
 + Level 2.4 Invocations
 + Level 1.3 Evocations


You had 15 spell levels left.
You didn't know any spells.
Your spell library contained the following spells:

 Spells                   Type           Power      Damage    Failure   Level
 Apportation              Tloc           0%         N/A       99%         1
 Beastly Appendage        Tmut           0%         N/A       99%         1
 Necrotise                Necr           0%         1d4       99%         1
 Slow                     Hex            0%         N/A       99%         1
 Sting                    Tmut/Pois      0%         1d3       99%         1
 Blink                    Tloc           0%         N/A       100%        2
 Lesser Beckoning         Tloc           0%         N/A       100%        2
 Momentum Strike          Conj/Tloc      0%         3d8       100%        2
 Passwall                 Tmut/Erth      0%         N/A       100%        2
 Poisonous Vapours        Pois/Air       0%         N/A       100%        2
 Wereblood                Tmut           0%         N/A       100%        2
 Confusing Touch          Hex            0%         N/A       100%        3
 Ignite Poison            Fire/Tmut/Pois 0%         N/A       100%        3
 Ozocubu's Armour         Ice            0%         N/A       100%        3
 Spider Form              Tmut/Pois      0%         N/A       100%        3
 Vampiric Draining        Necr           0%         2d6       100%        3
 Manifold Assault         Tloc           0%         N/A       100%        4
 Olgreb's Toxic Radiance  Pois           0%         N/A       100%        4
 Petrify                  Tmut/Erth      0%         N/A       100%        4
 Sticky Flame             Conj/Fire      0%         2d3       100%        4
 Silence                  Hex/Air        0%         N/A       100%        5
 Ozocubu's Refrigeration  Ice            0%         4d7       100%        7
 Storm Form               Tmut/Air       0%         N/A       100%        7
 Ignition                 Fire           0%         3d3       100%        8
 Shatter                  Erth           0%         3d5*      100%        9
 Summon Small Mammal      Summ           Unusable   N/A       N/A         1
 Call Canine Familiar     Summ           Unusable   N/A       N/A         3
 Summon Guardian Golem    Hex/Summ       Unusable   N/A       N/A         3
 Animate Armour           Summ/Erth      Unusable   N/A       N/A         4

Dungeon Overview and Level Annotations

Branches:
Dungeon (15/15)            Temple (1/1) D:6            Lair (5/5) D:10
  Swamp (0/4) Lair:3        Snake (0/4) Lair:3        Slime (0/5) Lair:5
    Orc (2/2) D:11            Elf (1/3) Orc:2        Vaults (0/5) D:14
 Depths (0/4) D:15          IceCv (visited)

Altars:
Ashenzari
Cheibriados
Dithmenos
Elyvilon
Fedhas
Gozag
Hepliaklqana
Kikubaaqudgha
Makhleb
Nemelex Xobeh
Okawaru
Qazlal
Ru
Sif Muna
Trog
Uskayaw
Vehumet
Wu Jian
Xom
Yredelemnul
Zin
The Shining One
Jiyva

Shops:
Orc:1 [   Orc:2 (((:

Portals:
Hell: Lair:5
Abyss: D:7


Innate Abilities, Weirdness & Mutations

You have a pair of horns on your head.
You reflexively headbutt those who attack you in melee.
Armour fits poorly on your strangely shaped body.
You are vulnerable to heat. (rF-)
[Your body often deteriorates upon taking damage.]
[You are very frail. (-20% HP)]
[You frequently scream uncontrollably at your foes.]
[You do not regenerate when monsters are visible.]
[Your spells are a little easier to cast, but a little less powerful.]


Message History

The tentacled starspawn bites you!
* * * LOW HITPOINT WARNING * * *
You block the tentacled starspawn's attack.
Unknown command.
You barely miss the tentacled starspawn.
Your headbutt misses the tentacled starspawn.
The tentacled starspawn is moderately damaged.
The starspawn tentacle closely misses you.
You block the tentacled starspawn's attack. x2
Unknown command.
You slice the tentacled starspawn!!
The tentacled starspawn is heavily damaged.
You block the starspawn tentacle's attack.
A tentacle flies out from the starspawn's body!
A starspawn tentacle comes into view.
Unknown command.
You slice the tentacled starspawn!!
The tentacled starspawn is almost destroyed.
The starspawn tentacle grabs you. The starspawn tentacle constricts you.
* * * LOW HITPOINT WARNING * * *
The starspawn tentacle loses its grip on you.
The tentacle pulls you backwards!
You block the starspawn tentacle's attack.
The starspawn tentacle closely misses you.
The tentacled starspawn bites you!
* * * LOW HITPOINT WARNING * * *
You block the tentacled starspawn's attack.
The starspawn tentacle closely misses you. 2 starspawn tentacle segments come into view.
Unknown command.
Unknown command.
Unknown command.
You hit the tentacled starspawn but do no damage.
The tentacled starspawn is almost destroyed.
The starspawn tentacle grabs you. The starspawn tentacle constricts you.
* * * LOW HITPOINT WARNING * * *
The tentacle pulls you backwards!
You block the tentacled starspawn's attack.
The tentacled starspawn tentacle-slaps you!
You die...

#. . ### #......
...
..#.#†#..###.....
.. # # .
...†...##..##..
#. ...#.
###...##. ##.. .
.#
#..##.#..........
.# ....#
#..#....... . ...
.. .... #..##..##
. .#....
..#.##..##..##..
.
##.....@........
. # ...
#..#..Xww...... .
# ####.#│##│.##..
#. .###│# │.# #
#..##.#.─.......
#.##..#.........
..
###...#.##†.##..
#. #.#.#..#
..##..## #.
##.... ...


You could see a tentacled starspawn and 2 starspawn tentacles.

Vanquished Creatures
  Rupert (Lair:5)
  2 deep elf sorcerers (Elf:1)
  The ghost of Persimmon the Nimble, a journeyman DECj of Vehumet (D:14)
  A cacodemon (D:14)
  2 deep elf elementalists (Orc:1)
  A quicksilver ooze (Lair:4)
  A stone giant (D:15)
  A dire elephant (Lair:5)
  3 deep elf annihilators (Orc:1)
  An ettin (Orc:1)
  The ghost of Almogavar the Carver, a journeyman MiBe of Trog (Orc:2)
  Fannar (D:10)
  4 hydras
  5 centaur warriors
  4 dancing weapons
  7 two-headed ogres
  A boulder beetle (D:12)
  5 death yaks (Lair:5)
  2 tengu warriors (D:15)
  5 orc high priests
  Sonja (D:10)
  Nergalle (Orc:1)
  5 deep elf knights
  A sun demon (Lair:5)
  A wretched star (Abyss:2)
  9 skeletal warriors
  An obsidian statue (Orc:2)
  3 bog bodies (Lair:3)
  7 deep elf archers
  13 deep elf pyromancers
  2 glowing orange brains (D:14)
  A wizard (Lair:5)
  9 orc knights
  A harpy (shapeshifter) (D:14)
  12 deep elf zephyrmancers
  The ghost of kalagan the Thaumaturge, a novice DECj of Sif Muna (D:8)
  2 wolf spiders
  28 ugly things
  3 oklob plants (Lair:5)
  3 manticores
  5 orc sorcerers
  6 moths of wrath (Orc:1)
  12 elephants
  9 cyclopes
  2 ice statues (IceCv)
  A toenail golem (D:7)
  The ghost of kalagan the Thaumaturge, a novice DECj of Sif Muna (D:7)
  4 black mambas
  A cane toad (shapeshifter) (D:14)
  A smoke demon (Abyss:2)
  A demonic crawler (Abyss:2)
  14 cane toads
  An unseen horror (D:12)
  A gargoyle (D:10)
  Psyche (D:12)
  8 rime drakes
  2 tengu conjurers (D:15)
  5 yaktaurs (D:15)
  3 red devils (Lair:5)
  An ancient zyme (Abyss:2)
  12 komodo dragons
  3 ice devils (Lair:5)
  A silent spectre (Orc:1)
  A troll (shapeshifter) (D:14)
  11 trolls
  4 hornets
  A queen bee (shapeshifter) (D:14)
  A hellwing (Lair:5)
  3 polar bears
  A raiju (Abyss:2)
  2 large abominations
  3 blink frogs (Lair:5)
  6 dream sheep (Lair:4)
  3 slime creatures (Lair:4)
  A centaur simulacrum (D:15)
  A flying skull (Abyss:2)
  A slime creature (shapeshifter) (Abyss:2)
  A shadow (D:12)
  2 basilisks
  6 water elementals
  6 wyverns
  3 wraiths
  71 yaks
  A chaos spawn (Abyss:2)
  6 golden eyes (Abyss:2)
  4 neqoxecs
  A basilisk (shapeshifter) (D:14)
  An unseen horror simulacrum (D:8)
  A golden eye (shapeshifter) (D:14)
  6 vampire mosquitoes (D:12)
  2 swamp worms (Lair:3)
  A steam dragon (D:6)
  A naga (shapeshifter) (D:14)
  10 wargs
  An acid dragon (D:12)
  A naga (Lair:3)
  3 hell hounds (Lair:5)
  19 water moccasins
  8 ice beasts
  27 orc warriors
  2 sky beasts
  2 black bears
  A black bear (shapeshifter) (D:14)
  7 ogres
  11 centaurs
  19 wolves
  2 phantoms
  4 small abominations
  4 kobold brigands
  11 bullfrogs
  2 gnoll sergeants
  2 earth elementals (Elf:1)
  3 scorpions
  7 wights
  3 cane toad simulacra
  7 howler monkeys
  4 electric eels
  A crimson imp (D:7)
  5 jellies
  An iron imp (D:10)
  16 orc priests
  6 hounds
  2 gnoll boudas
  4 iguanas
  A sleepcap (D:6)
  30 orc wizards
  2 troll simulacra (Orc:1)
  4 polar bear simulacra
  A spriggan simulacrum (Orc:1)
  2 killer bee simulacra (D:8)
  Robin (D:1)
  13 adders
  13 gnolls
  2 naga simulacra (Orc:1)
  A shadow imp (D:7)
  4 white imps
  A howler monkey simulacrum (D:8)
  3 worms
  88 orcs
  3 bats
  9 endoplasms
  7 giant cockroaches
  15 goblins
  10 hobgoblins
  12 jackals
  2 quokkas
  11 ball pythons
  2 frilled lizards
  18 kobolds
  6 rats
  2 rat zombies (D:9)
858 creatures vanquished.

Vanquished Creatures (others)
  An orc warrior (Elf:1)
  A lurking horror (Abyss:2)
  A starspawn tentacle (Abyss:2)
3 creatures vanquished.

Grand Total: 861 creatures vanquished

Notes
Turn   | Place    | Note
-------+----------+-------------------------------------------
     0 | D:1      | Peloso the Minotaur Fighter began the quest for the Orb.
     0 | D:1      | Reached XP level 1. HP: 19/19 MP: 0/0
   165 | D:1      | Reached XP level 2. HP: 19/27 MP: 1/1
   820 | D:2      | Reached XP level 3. HP: 33/33 MP: 2/2
   953 | D:2      | Reached skill level 3 in Long Blades
   953 | D:2      | Reached skill level 1 in Dodging
  1038 | D:2      | Noticed Robin
  1133 | D:1      | Killed Robin
  1134 | D:1      | Reached XP level 4. HP: 16/40 MP: 3/3
  1510 | D:3      | Reached skill level 5 in Armour
  1655 | D:3      | Identified the +0 great sword of Somewhere Else {venom,
                  | rElec rF+}
  1838 | D:3      | Reached XP level 5. HP: 45/46 MP: 4/4
  2143 | D:3      | Reached skill level 4 in Long Blades
  2608 | D:4      | Noticed a black bear
  2619 | D:4      | Reached skill level 5 in Long Blades
  2649 | D:4      | Reached XP level 6. HP: 27/52 MP: 5/5
  2655 | D:4      | Reached skill level 6 in Long Blades
  2673 | D:4      | Identified the +7 spear of Megalomania {flame, Str+4}
  2775 | D:4      | Found a glowing golden altar of the Shining One.
  2909 | D:4      | Found a blossoming altar of Fedhas.
  2942 | D:4      | Reached XP level 7. HP: 60/60 MP: 6/6
  3111 | D:4      | Reached skill level 5 in Fighting
  3212 | D:5      | Entered Level 5 of the Dungeon
  3257 | D:5      | Reached skill level 7 in Long Blades
  3293 | D:5      | Reached skill level 8 in Long Blades
  3310 | D:5      | Reached XP level 8. HP: 15/70 MP: 7/7
  3443 | D:5      | Reached skill level 9 in Long Blades
  3483 | D:5      | Reached skill level 10 in Long Blades
  3613 | D:5      | Found a sacrificial altar of Ru.
  3671 | D:5      | Got the Octavo of Enchantment and the Geologist
  3698 | D:5      | Found a hazy altar of Hepliaklqana.
  3918 | D:6      | Reached XP level 9. HP: 39/78 MP: 8/8
  3933 | D:6      | Reached skill level 11 in Long Blades
  4214 | D:6      | Found a staircase to the Ecumenical Temple.
  4231 | Temple   | Entered the Ecumenical Temple
  4251 | Temple   | Became a worshipper of Warmaster Okawaru
  4305 | D:6      | Found a white marble altar of Elyvilon.
  4681 | D:7      | Found a burning altar of Makhleb.
  4708 | D:6      | Reached skill level 12 in Long Blades
  4747 | D:7      | Reached * piety under Okawaru
  4759 | D:7      | Found a transporter.
  4896 | D:7      | Found an ornate altar of the Wu Jian Council.
  5023 | D:7      | Noticed a large abomination
  5024 | D:7      | Noticed a toenail golem
  5025 | D:7      | Noticed kalagan's ghost (novice DECj)
  5027 | D:7      | Found a one-way gate to the infinite horrors of the Abyss.
  5069 | D:7      | Reached skill level 5 in Shields
  5076 | D:7      | Found a transporter.
  5145 | D:7      | Reached ** piety under Okawaru
  5327 | D:8      | Reached XP level 10. HP: 69/88 MP: 9/9
  5380 | D:8      | Noticed kalagan's ghost (novice DECj)
  5389 | D:8      | Found a runed translucent gate.
  5502 | D:8      | Reached skill level 13 in Long Blades
  5515 | D:8      | Reached *** piety under Okawaru
  5631 | D:8      | Noticed a cyclops
  5657 | D:8      | Killed a cyclops
  5658 | D:8      | Reached skill level 14 in Long Blades
  5658 | D:8      | Reached skill level 10 in Armour
  5952 | D:8      | Found a runed translucent gate.
  5952 | D:8      | Found a runed translucent gate.
  6265 | D:9      | Got the Directory of Transforming Impurities
  6495 | D:9      | Reached **** piety under Okawaru
  6668 | D:9      | Noticed a two-headed ogre
  6676 | D:9      | Killed a two-headed ogre
  6753 | D:9      | Noticed a two-headed ogre
  6760 | D:9      | Killed a two-headed ogre
  6761 | D:9      | Reached XP level 11. HP: 84/97 MP: 7/10
  6785 | D:9      | Found a large runed translucent door.
  6786 | D:9      | Found a large runed translucent door.
  6959 | D:9      | Reached skill level 15 in Long Blades
  7046 | D:9      | Found an ancient bone altar of Kikubaaqudgha.
  7231 | D:9      | Found a glowing silver altar of Zin.
  7247 | D:9      | Found a sparkling altar of Nemelex Xobeh.
  7305 | D:10     | Entered Level 10 of the Dungeon
  7306 | D:10     | Noticed Fannar
  7326 | D:10     | Killed Fannar
  7497 | D:10     | Found a staircase to the Lair.
  7508 | D:10     | Noticed a two-headed ogre
  7521 | D:10     | Killed a two-headed ogre
  7521 | D:10     | Reached ***** piety under Okawaru
  7600 | D:10     | Noticed Sonja
  7647 | D:10     | Killed Sonja
  7760 | D:10     | Reached skill level 10 in Fighting
  7860 | D:10     | Found a snail-covered altar of Cheibriados.
  8073 | D:10     | Reached skill level 16 in Long Blades
  8359 | D:11     | Noticed a two-headed ogre
  8394 | D:11     | Killed a two-headed ogre
  8608 | D:11     | Found a sparkling altar of Nemelex Xobeh.
  8651 | D:11     | Found a staircase to the Orcish Mines.
  9208 | D:12     | Noticed Psyche
  9224 | D:12     | Received a gift from Okawaru
  9252 | D:12     | Killed Psyche
  9336 | D:12     | Noticed a boulder beetle
  9346 | D:12     | Reached XP level 12. HP: 36/110 MP: 11/11
  9357 | D:11     | HP: 4/110 [yak (11)]
  9491 | D:12     | Killed a boulder beetle
  9589 | D:12     | Reached skill level 17 in Long Blades
  9705 | D:12     | Noticed a two-headed ogre
  9712 | D:12     | Killed a two-headed ogre
 10111 | Lair:1   | Entered Level 1 of the Lair of Beasts
 10454 | Lair:1   | Reached skill level 18 in Long Blades
 10454 | Lair:1   | Reached skill level 1 in Invocations
 10506 | Lair:1   | Reached ****** piety under Okawaru
 10583 | Lair:1   | Received a gift from Okawaru
 10583 | Lair:1   | Found the +8 orange crystal plate armour {Archmagi, Int+3
                  | Clar}
 11416 | Lair:2   | Found a hide-covered altar of Uskayaw.
 11480 | Lair:2   | Reached XP level 13. HP: 113/119 MP: 12/12
 11872 | Lair:2   | Identified the +2 ring mail of the Vestibule of Hell {rPois
                  | Dex+5}
 12263 | Lair:3   | Reached skill level 19 in Long Blades
 12433 | Lair:3   | Found a staircase to the Snake Pit.
 12638 | Lair:3   | Found a staircase to the Swamp.
 12873 | Lair:3   | Reached skill level 1 in Polearms
 13406 | D:7      | Killed kalagan's ghost
 13591 | D:8      | Killed kalagan's ghost
 13591 | D:8      | Identified the +0 hat of Limited Liability {rN+} (Okawaru
                  | gifted it to you on level 8 of the Dungeon)
 13591 | D:8      | Received a gift from Okawaru
 13620 | D:8      | Identified the +6 short sword of Duty {flame, rCorr MP+9
                  | Dex+6}
 13663 | D:8      | Identified a scroll of acquirement
 13792 | Orc:1    | Entered Level 1 of the Orcish Mines
 13804 | Orc:1    | Found Ojesob's Armour Boutique.
 13936 | Orc:1    | Noticed an ettin
 13939 | Orc:1    | Found a bloodstained altar of Trog.
 13939 | Orc:1    | Found the +8 Wrath of Trog {antimagic, *Rage Rampage}
 13944 | Orc:1    | Found a frozen archway.
 13986 | IceCv    | Entered an ice cave
 14006 | IceCv    | Found a transporter.
 14018 | IceCv    | Found a transporter.
 14284 | Orc:2    | Entered Level 2 of the Orcish Mines
 14540 | Orc:2    | Found a staircase to the Elven Halls.
 14799 | Orc:2    | Reached skill level 20 in Long Blades
 14883 | Orc:2    | Found Gadghin's Antique Weapon Emporium.
 14883 | Orc:2    | Found Uwnaesh's Book Shop.
 15164 | Orc:2    | Reached XP level 14. HP: 102/132 MP: 13/13
 15191 | Orc:2    | Found Iwatiruaz's Antique Weapon Emporium.
 15191 | Orc:2    | Found Xyozeophof's Weapon Shop.
 15237 | Orc:2    | Found a runed translucent gate.
 15237 | Orc:2    | Found a runed translucent gate.
 15237 | Orc:2    | Found a runed translucent gate.
 15238 | Orc:2    | Found an opulent altar of Gozag.
 15239 | Orc:2    | Noticed Almogavar's ghost (journeyman MiBe)
 15363 | Orc:2    | Identified the +9 long sword of Causality {heavy, rF+++
                  | Will+ Dex-4 Stlth+} (Okawaru gifted it to you on level 2 of
                  | the Orcish Mines)
 15363 | Orc:2    | Received a gift from Okawaru
 15364 | Orc:2    | Reached skill level 15 in Armour
 15392 | Orc:2    | Killed Almogavar's ghost
 15929 | Orc:1    | Noticed Nergalle
 15938 | Orc:1    | Killed Nergalle
 16080 | Orc:1    | Found a transporter.
 16107 | Orc:1    | Found a transporter.
 16107 | Orc:1    | Found a runed translucent door.
 16206 | Orc:1    | Noticed a deep elf elementalist
 16217 | Orc:1    | Identified the +6 plate armour of the Ego {+Blink Regen+
                  | rCorr Int+2}
 16221 | Orc:1    | Noticed a deep elf elementalist
 16285 | Orc:1    | Killed a deep elf elementalist
 16295 | Orc:1    | Killed a deep elf elementalist
 16311 | Orc:1    | Identified the +2 crystal plate armour "Siuckid" {Fly rF++
                  | Will- Str+2} (Okawaru gifted it to you on level 1 of the
                  | Orcish Mines)
 16311 | Orc:1    | Received a gift from Okawaru
 16865 | Lair:4   | Reached skill level 15 in Fighting
 17668 | Lair:4   | Noticed a quicksilver ooze
 17676 | Lair:4   | Killed a quicksilver ooze
 18309 | Lair:5   | Entered Level 5 of the Lair of Beasts
 18350 | Lair:5   | Reached skill level 21 in Long Blades
 18462 | Lair:5   | Reached XP level 15. HP: 88/141 MP: 15/15
 18585 | Lair:5   | Found a burning altar of Makhleb.
 18705 | Lair:5   | Found a gateway to Hell.
 18712 | Lair:5   | Identified the +12 chain mail of Disaster {Str+3 Int-4
                  | Dex+3 SInv}
 18946 | Lair:5   | Identified the +0 chain mail "Urorphy" {Regen+ rCorr Str-5}
                  | (Okawaru gifted it to you on level 5 of the Lair of Beasts)
 18946 | Lair:5   | Received a gift from Okawaru
 19025 | Lair:5   | Noticed Rupert
 19035 | Lair:5   | Killed Rupert
 19304 | Lair:5   | Reached skill level 10 in Shields
 19484 | Lair:5   | Found a viscous altar of Jiyva.
 19515 | Lair:5   | Found a staircase to the Slime Pits.
 20714 | D:14     | Found a gate to the Vaults.
 20922 | D:14     | Found a shadowy altar of Dithmenos.
 21005 | D:14     | Found a runed translucent gate.
 21005 | D:14     | Found a runed translucent gate.
 21005 | D:14     | Found a runed translucent gate.
 21380 | D:14     | Reached XP level 16. HP: 142/155 MP: 16/16
 21384 | D:14     | Found a runed translucent gate.
 21384 | D:14     | Found a runed translucent gate.
 21387 | D:14     | Noticed Persimmon's ghost (journeyman DECj)
 21389 | D:14     | Found a runed translucent gate.
 21423 | D:14     | Identified the +1 scimitar "Lipsorat" {vamp, Dex+5}
                  | (Okawaru gifted it to you on level 14 of the Dungeon)
 21423 | D:14     | Received a gift from Okawaru
 21430 | D:14     | Killed Persimmon's ghost
 21501 | D:14     | Identified the +0 hat "Faefio" {+Blink Int+2}
 21700 | D:15     | Entered Level 15 of the Dungeon
 21718 | D:15     | Found a hide-covered altar of Uskayaw.
 22295 | D:15     | Received a gift from Okawaru
 22302 | D:15     | Found a staircase to the Depths.
 23333 | Elf:1    | Entered Level 1 of the Elven Halls
 23672 | Orc:2    | Reached skill level 1 in Evocations
 23950 | Elf:1    | Reached skill level 22 in Long Blades
 24166 | Elf:1    | Identified the +5 broad axe "Tumm" {elec, rN++} (Okawaru
                  | gifted it to you on level 1 of the Elven Halls)
 24166 | Elf:1    | Received a gift from Okawaru
 24333 | Abyss:2  | Cast into level 2 of the Abyss (a deep elf demonologist)
 24508 | Abyss:2  | Found a corrupted altar of Lugonu.
 24528 | Abyss:2  | Gained mutation: Armour fits poorly on your strangely
                  | shaped body. [a neqoxec]
 24596 | Abyss:2  | Gained mutation: You are vulnerable to heat. (rF-) [a
                  | neqoxec]
 24621 | Abyss:2  | Noticed a tentacled starspawn
 24632 | Abyss:2  | Slain by a tentacled starspawn

Illustrated notes

Levels and vault maps discovered:
D:1:      giann_forest_graveyard, layout_loops_ring
D:2:      layout_basic, uniq_robin
D:3:      layout_loops_corners
D:4:      layout_basic, mainiacjoe_overflow_paths, mainiacjoe_overflow_chevrons,
          minmay_cupped
D:5:      layout_gridville, lemuel_round_altar, general_overflow_altar
D:6:      layout_loops_ring, mainiacjoe_overflow_tiny_flanked,
          minmay_temple_entry_stoned_glass
D:7:      layout_gridville, lemuel_doored_altar, mainiacjoe_overflow_catwalk,
          gammafunk_ghost_abyssal_escape
D:8:      layout_loops_ring, gammafunk_ghost_icy
D:9:      layout_basic, lemuel_zombie_altar_kikubaaqudgha, jmf_multi_god_temple2
D:10:     layout_layer_cave, slow_altar_1, hellmonk_lair_entry_icy, uniq_sonja,
          uniq_fannar
D:11:     layout_long_grid, david_orc_2, nemelex_diamond_rough_becter
D:12:     layout_long_grid, uniq_psyche
D:13:     layout_long_grid, kb_rosetta
D:14:     layout_cave_pools, erik_vaults_1,
          ploomutoo_gammafunk_ghost_potion_laboratory,
          infiniplex_staircase_split_hallway, hex_medium,
          nicolae_dithmenos_through_a_glass_darkly
D:15:     grunt_enter_depths_snipers, layout_small_grid, serial_bayou,
          serial_bayou_pond_c, serial_bayou_pond_a, serial_bayou_pond_d,
          serial_bayou_lagoon_b, serial_bayou_lagoon_a, serial_bayou_ford_a,
          chequers_hall_statues_y, eat_drink_and_be_merry_uskayaw
Temple:   chequers_temple_sunken
Lair:1:   layout_hall_layers
Lair:2:   minmay_lair_venomous_thicket, layout_hall_layers, basic_altar
Lair:3:   layout_cellular_growth, nicolae_swamp_entry_splash_gauntlet,
          guppyfry_snake_entry_garden
Lair:4:   layout_layer_cave, nicolae_lair_time_for_slime
Lair:5:   evil_forest, layout_regular_city, minmay_slime_entry_oklob_enclosed,
          minivault_25, nicolae_lair_grazing_beasts
          [nicolae_sub_lair_graze_edge, nicolae_sub_lair_graze_edge,
          nicolae_sub_lair_graze_edge, nicolae_sub_lair_graze_edge], uniq_rupert
Orc:1:    emtedronai_trogs_sanctum, layout_caves,
          portal_ice_cave_entry_ice_simulacra, serial_shops,
          nicolae_shop_behind_doors, uniq_nergalle
Orc:2:    grunt_orc_tribal_feast, layout_caves, ebering_ghost_gozag
Elf:1:    elf_arrival_002, layout_loops_cross, hangedman_elf_represent,
          corexii_checkpoint_b, minivault_16
Abyss:2:  base:
Vaults:4

Skill      XL: |  1  2  3  4  5  6  7  8  9 10 11 12 13 14 15 16 |
---------------+-------------------------------------------------+-----
Armour         | 4 5 6 7 8 10 12 13 14 16 17 18 | 18.1
Shields        | 4 5 8 11 13 | 13.8
Long Blades    | 3 5 6 8 10 12 14 16 18 20 21 22 | 22.2
Dodging        | 1 2 3 |  3.7
Fighting       | 4 5 6 8 9 11 12 14 15 17 18 | 18.2
Invocations    | 1 2 |  2.4
Polearms       | 1 |  1.2
Evocations     | 1 |  1.3
Stealth        | |  0.7

Action                     |  1- 3 |  4- 6 |  7- 9 | 10-12 | 13-15 | 16-18 || total
---------------------------+-------+-------+-------+-------+-------+-------++-------
  Melee: Long sword        |   100 |    30 |       |       |   763 |   393 ||  1286
         Headbutt          |    10 |    23 |    44 |   153 |   341 |    99 ||   670
         Great sword       |       |   122 |   168 |   550 |   551 |       ||  1391
         Falchion          |       |       |    69 |       |       |       ||    69
         Spear             |       |       |       |       |     9 |       ||     9
 Invoke: Heroism           |       |       |       |     7 |    14 |     1 ||    22
  Evoke: Wand              |       |       |       |     2 |     4 |    11 ||    17
    Use: Scroll            |     3 |       |     5 |     6 |    10 |     4 ||    28
         Potion            |     3 |       |     2 |     1 |     1 |     4 ||    11
 Armour: Scale mail        |    72 |    12 |       |       |       |       ||    84
         Chain mail        |       |    94 |       |       |       |       ||    94
         Plate armour      |       |       |   203 |   305 |   654 |   280 ||  1442
         Crystal plate arm |       |       |       |    84 |   747 |       ||   831
  Dodge: Dodged            |    79 |    80 |   119 |   238 |   464 |   139 ||  1119
  Block: Buckler           |    33 |     5 |       |       |       |       ||    38
         Kite shield       |       |       |    57 |       |   594 |   260 ||   911
